 Dungeon Crawl Stone Soup version 0.30.0-10-gfe55d96785 (webtiles) character file.

Game seed: 16880634387326030170

296 Kaboulah the Trooper (level 6, -5/63 HPs)
             Began as an Ogre Gladiator on May 14, 2023.
             Was an Initiate of Elyvilon.
             Slain by a gnoll
             ... wielding a +0 spear
             ... led by a gnoll bouda
              (8 damage)
             ... on level 4 of the Dungeon.
             The game lasted 00:26:55 (3360 turns).

Kaboulah the Trooper (Ogre Gladiator)               Turns: 3360, Time: 00:26:56

Health: -5/63      AC:  4    Str: 21    XL:     6   Next: 34%
Magic:  8/8        EV: 10    Int:  9    God:    Elyvilon [......]
Gold:   183        SH:  0    Dex: 10    Spells: 7/7 levels left

rFire   . . .        a - +0 war axe
rCold   . . .        w - orb {mayhem}
rNeg    . . .        o - +0 animal skin
rPois   .            c - +0 hat
rElec   .            f - +0 cloak
rCorr   .            (gloves unavailable)
SInv    .            (boots unavailable)
Will    .....        u - amulet of magic regeneration
Stlth   +            (no ring)
HPRegen 0.30/turn    (no ring)
MPRegen 0.51/turn

%: mayhem
@: no status effects
A: large, unfitting armour, tough skin 1
a: Renounce Religion


You were on level 4 of the Dungeon.
You worshipped Elyvilon.
Elyvilon was noncommittal.
You visited 2 branches of the dungeon, and saw 5 of its levels.

You collected 183 gold pieces.

Inventory:

Hand Weapons
 a - a +0 war axe (weapon)
 n - a +3 spear of pain
Missiles
 d - 2 throwing nets (quivered)
 e - a large rock
 m - 11 stones
 y - 5 boomerangs
Armour
 c - a +0 hat (worn)
 f - a +0 cloak (worn)
 o - a +0 animal skin (worn)
 w - an orb of mayhem (worn)
Jewellery
 u - an amulet of magic regeneration (around neck)
Wands
 q - a wand of flame (10)
Scrolls
 b - 2 scrolls of poison {unknown}
 g - 4 scrolls of teleportation {unknown}
 h - 7 scrolls of identify {unknown}
 k - a scroll of fog {unknown}
 l - a scroll of magic mapping {unknown}
 s - a scroll of blinking {unknown}
Potions
 i - a potion of lignification {unknown}
 j - 2 potions of ambrosia {unknown}
 p - 2 potions of heal wounds {unknown}
 r - 2 potions of degeneration {unknown}
 t - 2 potions of brilliance {unknown}
 v - 2 potions of flight {unknown}
 x - a potion of curing {unknown}


   Skills:
 + Level 4.4 Fighting
 + Level 3.2(3.3) Axes
 - Level 1.0(2.3) Polearms
 + Level 2.8 Throwing
 * Level 3.6 Dodging
 + Level 1.3 Spellcasting
 * Level 1.8 Conjurations
 * Level 2.1 Air Magic
 + Level 0.3 Invocations


You had 7 spell levels left.
You didn't know any spells.
Your spell library contained the following spells:

 Spells                   Type           Power      Damage    Failure   Level
 Shock                    Conj/Air       16%        1d4       16%         1
 Swiftness                Air            4%         N/A       41%         3
 Lesser Beckoning         Tloc           0%         N/A       47%         2
 Gell's Gravitas          Tloc           0%         N/A       71%         3
 Teleport Other           Tloc           0%         N/A       71%         3
 Airstrike                Air            2%         2d(1-17)  83%         4


Dungeon Overview and Level Annotations

Branches:
Dungeon (4/15)             Temple (1/1) D:4

Altars:
Ashenzari
Cheibriados
Elyvilon
Fedhas
Kikubaaqudgha
Nemelex Xobeh
Okawaru
Qazlal
Ru
Trog
Uskayaw
Xom
Yredelemnul
Zin
The Shining One

Shops:
D:1 :


Innate Abilities, Weirdness & Mutations

You are too large for most types of armour.
You have tough skin. (AC +1)


Message History

You slash the gnoll bouda!
The gnoll bouda is severely wounded.
The gnoll is no longer moving quickly.
The gnoll bouda hits you with a +0 whip!
The gnoll hits you from afar with a +0 spear.
The gnoll hits you from afar with a +0 halberd.
The gnoll bouda hits you with a +0 whip.
Okay, then.
You barely miss the gnoll bouda.
The gnoll bouda is severely wounded.
The gnoll is no longer moving quickly.
The gnoll hits you from afar with a +0 spear!
* * * LOW HITPOINT WARNING * * *
The gnoll hits you from afar with a +0 halberd!
* * * LOW HITPOINT WARNING * * *
The gnoll bouda hits you with a +0 whip.
* * * LOW HITPOINT WARNING * * *
The gnoll hits you from afar with a +0 spear.
Elyvilon protects you from harm!
Throw: 3 throwing nets
Press: ? - help, Q - select action, (/) - cycle Shift-Dir - straight line, f - gnoll bouda
Aim: a gnoll bouda, wielding a +0 whip and wearing a +0 robe (severely wounded, 63% to hit)
You throw a throwing net. The throwing net hits the gnoll bouda.
The gnoll bouda is caught in the net!
The gnoll bouda is severely wounded.
The gnoll closely misses you.
The gnoll bouda prays to its god.
The gnoll bouda is healed somewhat.
The gnoll bouda struggles against the net.
The endoplasm freezes you.
You are frozen.
* * * LOW HITPOINT WARNING * * *
The endoplasm hits you but does no damage.
The gnoll bouda struggles against the net.
The endoplasm attacks as you move away! The endoplasm barely misses you.
The gnoll bouda barks out a call to the hunt!
The gnolls pick up the pace!
The gnoll bouda struggles against the net.
The gnoll hits you from afar with a +0 spear!
You die...

....8..._.).8..
#.....!)....!.
#..8.......8..
#...........#
###.8.......8.#
#.............# .#
#.#####..#....#.#..##
.#
.........g.##.#...##
.#
#.......@J.g.)....##
.#
#...........g....##
.# #.........##...###
.# #............###
.# ##..........###
.## ............#####
..##
.####.............#
>...
................#.#
#.#.#
###....).....#.#.#


You could see a gnoll bouda (caught), 2 gnolls and an endoplasm.

Vanquished Creatures
  A howler monkey (D:3)
  A hound (D:4)
  2 orc priests (D:3)
  An iguana (D:4)
  Robin (D:1)
  A gnoll (D:4)
  2 adders (D:2)
  A worm (D:3)
  A dart slug (D:4)
  10 orcs
  8 ball pythons
  9 endoplasms
  2 giant cockroaches
  14 goblins
  12 hobgoblins
  4 kobolds
  2 quokkas (D:2)
  6 bats
  2 frilled lizards
  10 rats
90 creatures vanquished.

Notes
Turn   | Place    | Note
-------+----------+-------------------------------------------
     0 | D:1      | Kaboulah the Ogre Gladiator began the quest for the Orb.
     0 | D:1      | Reached XP level 1. HP: 22/22 MP: 1/1
    26 | D:1      | Found Nyiden's Book Shop.
   170 | D:1      | Reached XP level 2. HP: 29/29 MP: 2/2
   212 | D:1      | Reached skill level 3 in Fighting
   294 | D:1      | Found a faded altar of an unknown god.
   456 | D:1      | Reached XP level 3. HP: 37/37 MP: 3/3
   663 | D:2      | Reached skill level 1 in Air Magic
   690 | D:2      | Noticed Robin
   970 | D:1      | Killed Robin
  1013 | D:2      | Reached XP level 4. HP: 46/46 MP: 4/4
  1173 | D:2      | Found a snail-covered altar of Cheibriados.
  1289 | D:2      | Reached skill level 1 in Conjurations
  1749 | D:3      | Reached XP level 5. HP: 39/54 MP: 6/6
  1961 | D:3      | Reached skill level 4 in Fighting
  1961 | D:3      | Reached skill level 1 in Spellcasting
  2410 | D:3      | Found a glowing golden altar of the Shining One.
  2421 | D:3      | Reached XP level 6. HP: 60/62 MP: 7/7
  2728 | D:4      | Reached skill level 1 in Polearms
  2945 | D:4      | Found a staircase to the Ecumenical Temple.
  2993 | Temple   | Entered the Ecumenical Temple
  3274 | Temple   | Became a worshipper of Elyvilon the Healer
  3336 | D:4      | Found a hide-covered altar of Uskayaw.
  3355 | D:4      | Elyvilon protects you from harm!
  3357 | D:4      | HP: 2/63 [frozen (4)]
  3360 | D:4      | Slain by a gnoll

Illustrated notes

Levels and vault maps discovered:
D:1:      lemuel_arrival_room, layout_basic, serial_shops,
          nicolae_shop_waterfront, nicolae_ecumenical_snake_handling
D:2:      layout_basic, basic_altar, uniq_robin
D:3:      layout_loops_ring, overflow_temple_1_default, serial_aquarium,
          aquarium_bridge_straight [aquarium_subvault_bridge,
          aquarium_subvault_wall, aquarium_subvault_bridge,
          aquarium_subvault_balcony], aquarium_bridge_island_large
          [aquarium_subvault_large_4_pools, aquarium_subvault_wall,
          aquarium_subvault_bridge, aquarium_subvault_window,
          aquarium_subvault_bridge], aquarium_window_1, aquarium_window_2,
          aquarium_window_1, aquarium_view_2c, aquarium_view_2d,
          minmay_curled_crystal
D:4:      layout_basic, eat_drink_and_be_merry_uskayaw, lemuel_tele_altar,
          minmay_temple_entry_large_hall, serial_glass, glass_columns_a,
          glass_columns_a, glass_columns_c, glass_columns_b, glass_columns_b,
          glass_columns_b, uniq_natasha
Temple:   nicolae_temple_slightly_damp_pantheon

Skill      XL: |  1  2  3  4  5  6 |
---------------+-------------------+-----
Fighting       | 3 4 |  4.4
Air Magic      | 1 2 |  2.1
Dodging        | 3 |  3.6
Conjurations   | 1 |  1.8
Spellcasting   | 1 |  1.3
Polearms       | 1 |  1.0
Axes           | |  3.2
Throwing       | |  2.8
Invocations    | |  0.3

Action                     |  1- 3 |  4- 6 || total
---------------------------+-------+-------++-------
  Melee: War axe           |    83 |    32 ||   115
         Spear             |     6 |   163 ||   169
         Punch             |       |     1 ||     1
  Throw: Stone             |       |     2 ||     2
         Large rock        |       |     1 ||     1
         Throwing net      |       |     1 ||     1
   Stab: Sleeping          |       |     2 ||     2
 Armour: Robe              |    34 |       ||    34
         Animal skin       |     2 |    43 ||    45
  Dodge: Dodged            |    46 |    92 ||   138
